 Dungeon Crawl Stone Soup version 0.28-a0-2-g643f2454ad (webtiles) character file.

Game seed: 4552856983658108427

18 elagabalus the Sneak (level 2, 0/15 HPs)
             Began as a Kobold Enchanter on July 22, 2021.
             Slain by a hobgoblin (4 damage)
             ... on level 1 of the Dungeon.
             The game lasted 00:05:46 (376 turns).

elagabalus the Sneak (Kobold Enchanter)              Turns: 376, Time: 00:05:47

Health: 0/15       AC:  2    Str:  5    XL:     2   Next: 90%
Magic:  4/5        EV: 15    Int: 16    God:
Gold:   52         SH:  0    Dex: 15    Spells: 4/5 levels left

rFire   . . .      SeeInvis .   a - +1 dagger
rCold   . . .      Faith    .   (shield restricted)
rNeg    . . .      Spirit   .   b - +0 robe
rPois   .          Reflect  .   (no helmet)
rElec   .          Harm     .   (no cloak)
rCorr   .          Rampage  .   (no gloves)
Will    .....                   (no boots)
Stlth   ++++......              (no amulet)
HPRegen 0.05/turn               (no ring)
MPRegen 0.09/turn               (no ring)

@: no status effects
A: small, no large weapons, nightstalker 3
a: no special abilities


You were on level 1 of the Dungeon.
You visited 1 branch of the dungeon, and saw 1 of its levels.

You collected 52 gold pieces.

Inventory:

Hand Weapons
 a - a +1 dagger (weapon)
Armour
 b - a +0 robe (worn)
Scrolls
 d - a scroll of amnesia {unknown}
 e - a scroll of identify {unknown}
Potions
 c - a potion of mutation {unknown}


   Skills:
 - Level 2.0 Short Blades
 * Level 2.9 Dodging
 - Level 4.0 Stealth
 - Level 2.1 Spellcasting
 + Level 3.4 Hexes


You had 4 spell levels left.
You knew the following spells:

 Your Spells              Type           Power      Damage    Failure   Level
a - Corona                Hex            13%        N/A       4%          1

Your spell library contained the following spells:

 Spells                   Type           Power      Damage    Failure   Level
 Confusing Touch          Hex            12%        N/A       14%         3
 Tukima's Dance           Hex            12%        N/A       14%         3
 Ensorcelled Hibernation  Hex/Ice        14%        N/A       16%         2
 Dazzling Flash           Conj/Hex       14%        N/A       30%         3


Dungeon Overview and Level Annotations

Branches:
Dungeon (1/15)

Altars:


Innate Abilities, Weirdness & Mutations

You are small and have problems with some larger weapons.
You are completely attuned to the shadows.


Message History

You hit the quokka.
You kill the quokka!
Casting: Corona (safe; 4% risk of failure)
Confirm with . or Enter, or press ? or * to list all spells.
Aiming: Corona (safe; 4% risk of failure)
Press: ? - help, Shift-Dir - straight line, f - you
Okay, then.
Okay, then.
A hobgoblin comes into view.
The hobgoblin shouts!
The hobgoblin hits you.
Things that are here:
a +0 short sword; a kobold skeleton
There is a stone staircase leading down here.
Casting: Corona (safe; 4% risk of failure)
Confirm with . or Enter, or press ? or * to list all spells.
Aiming: Corona (safe; 4% risk of failure)
Press: ? - help, Shift-Dir - straight line, f - hobgoblin
Aim: a hobgoblin (chance to affect: 66%)
The hobgoblin is outlined in light.
The hobgoblin hits you.
* * * LOW HITPOINT WARNING * * *
You hit the hobgoblin.
The hobgoblin is moderately wounded.
The hobgoblin closely misses you.
You barely miss the hobgoblin.
The hobgoblin is moderately wounded.
The hobgoblin barely misses you.
You hit the hobgoblin but do no damage.
The hobgoblin is moderately wounded.
The hobgoblin misses you.
You hit the hobgoblin.
The hobgoblin is heavily wounded.
Okay, then.
You barely miss the hobgoblin.
The hobgoblin is heavily wounded.
The hobgoblin barely misses you.
You hit the hobgoblin but do no damage.
The hobgoblin is heavily wounded.
The hobgoblin hits you.
You die...

#.# #.............#.### #.#
#############.#.# #.# #...###
###.############# ####...
##.#.#.#.#.#.#.(.## #....
#####.#.#.#.#.#.#.....#######..##
#....#.#.≈≈≈≈≈.#.#..#.>..).......
#.##..#.#≈)..≈#.#g#...######.....
#.####.#.≈...≈.#@###.## #...#...
#.##..#.#≈.<.≈#.#.##÷# #>..#...
.....#.#.≈≈≈≈≈.#.###.# #.#####.
###.#. .#.#.#.#.#....# #...#... #
..# #.#.#.#.#.##### #.#.#... ###
## .#..##..### #.#....# ...
#..##.### ###.##.#.# #.#
#......... ...#..... .#
##.####### #...##.#


You could see a hobgoblin (corona).

Vanquished Creatures
  2 bats (D:1)
  4 endoplasms (D:1)
  A giant cockroach (D:1)
  2 goblins (D:1)
  A hobgoblin (D:1)
  3 quokkas (D:1)
  A kobold (D:1)
  A rat (D:1)
15 creatures vanquished.

Notes
Turn   | Place    | Note
-------+----------+-------------------------------------------
     0 | D:1      | elagabalus the Kobold Enchanter began the quest for the
                  | Orb.
     0 | D:1      | Reached XP level 1. HP: 10/10 MP: 3/3
   123 | D:1      | Reached XP level 2. HP: 15/15 MP: 5/5
   376 | D:1      | Slain by a hobgoblin

Illustrated notes

Levels and vault maps discovered:
D:1:      ncdulo_watergridlock, layout_loops_ring, hangedman_glass_teeth

Skill      XL: |  1 |
---------------+----+-----
Short Blades   | 2 |  2.0
Dodging        | |  2.9
Stealth        | |  4.0
Spellcasting   | |  2.1
Hexes          | |  3.4

Action                   || total
-------------------------++-------
Melee: Dagger            ||    43
 Cast: Corona            ||     8
 Stab: Sleeping          ||    11
Armor: Robe              ||     1
Dodge: Dodged            ||    30

Table legend: (Time is in decaauts)
 A = Elapsed time spent in this place.
 B = Non-inter-level travel time spent in this place.
 C = Inter-level travel time spent in this place.
 D = Time resting spent in this place.
 E = Time spent auto-exploring this place.
 F = Levels seen in this place.
 G = Mean time per level.
                   A        B        C        D        E       F      G
               +--------+--------+--------+--------+--------+-----+--------+
         Total |    372 |    198 |    174 |      0 |      0 |   1 |  372.0 |
       Dungeon |    372 |    198 |    174 |      0 |      0 |   1 |  372.0 |
               +--------+--------+--------+--------+--------+-----+--------+

Top non-repeatable levels by time:
     D:1: 372 daAuts
